 Dungeon Crawl Stone Soup version 0.22.1-1-ga44c0e56f4 (webtiles) character file.

409 OdinFK the Skirmisher (level 6, 0/49 HPs)
             Began as a Demonspawn Abyssal Knight on Oct 20, 2018.
             Was a Priest of Lugonu.
             Succumbed to a kobold's poison
             ... on level 3 of the Dungeon.
             The game lasted 00:11:18 (3296 turns).

OdinFK the Skirmisher (Demonspawn Abyssal Knight)   Turns: 3296, Time: 00:11:18

Health: 0/49       AC:  5    Str: 14    XL:     6   Next: 58%
Magic:  7/7        EV: 10    Int: 14    God:    Lugonu [***...]
Gold:   148        SH:  3    Dex: 12    Spells: 5/5 levels left

rFire    . . .     SeeInvis .   l - +2 whip (elec)
rCold    . . .     Gourm    .   g - +0 buckler
rNeg     . . .     Faith    .   h - +0 ring mail (curse)
rPois    .         Spirit   +   (no helmet)
rElec    .         Reflect  .   (no cloak)
rCorr    .         Harm     .   (no gloves)
MR       .....                  (no boots)
Stlth    +.........             (no amulet)
HPRegen  0.16/turn              (no ring)
MPRegen  0.10/turn              (no ring)

@: lethally poisoned (0 -> -4), flying, hasted, very quick
A: magic shield, rot immunity
a: Depart the Abyss, Bend Space, Banish, Renounce Religion


You were on level 3 of the Dungeon.
You worshipped Lugonu.
Lugonu was most pleased with you.
You were near starving.

You visited 1 branch of the dungeon, and saw 3 of its levels.
You visited the Abyss 1 time.

You collected 148 gold pieces.

Inventory:

Hand Weapons
 a - a +1 hand axe
 l - a +2 whip of electrocution (weapon)
 q - a +3 whip of pain
Armour
 e - a cursed -2 scale mail
 g - a +0 buckler (worn)
 h - a cursed +0 ring mail (worn)
 p - a +0 shield
Jewellery
 j - an uncursed amulet of faith {unknown}
Wands
 f - a wand of disintegration (13)
Scrolls
 b - 2 scrolls of teleportation {unknown}
 d - 4 scrolls of identify
 n - a scroll of blinking {unknown}
Potions
 m - a potion of agility
 o - a potion of flight
Comestibles
 c - 9 rations


   Skills:
 + Level 4.6 Fighting
 - Level 3.3(3.7) Axes
 * Level 2.3(3.2) Maces & Flails
 + Level 3.7 Armour
 - Level 0.8 Dodging
 + Level 0.7 Shields
 - Level 2.4 Invocations


You had 5 spell levels left.
You didn't know any spells.
Your spell library was empty.

Dungeon Overview and Level Annotations

Branches:
Dungeon (3/15)

Altars:
Nemelex Xobeh
Okawaru

Annotations:
D:2 Sverke's ghost, amateur GrMo


Innate Abilities, Weirdness & Mutations

When hurt, damage is shared between your health and your magic reserves.
You are immune to rotting.


Message History

an uncursed blowgun; 2 stones; 9 poisoned needles
* * * LOW HITPOINT WARNING * * *
You feel sick.
There is an open gate here.
* * * LOW HITPOINT WARNING * * *
You feel sick.
* * * LOW HITPOINT WARNING * * *
You feel sick.
There is a fountain of clear blue water here.
You can't go down here!
You can't go up here!
* * * LOW HITPOINT WARNING * * *
You feel sick.
* * * LOW HITPOINT WARNING * * *
You feel sick.
* * * LOW HITPOINT WARNING * * *
You feel sick.
* * * LOW HITPOINT WARNING * * *
You feel sick.
You die...

#####.....# #.# #.
........).# #[# #.
#####.....#### ### #.# #.
#.........# ##.###.# #.
#.......#### #.#.##.# #.
#......##...#####<#.# #.
####..##.....##
##).#########.
#>..#P.#.#.≈# ##...........
##>.#⌠.#.#.@#
##.(....####..
##.#≈.#.#.≈###..####.####.#
####.....###((.# #...)..)
#.##'''##((#..####..###)#
#......)))...().....# #.#
##.##.#.####..####..# #.#
#.##....###..# #..###.#
#............# #.......
#####...####.####..###..


There were no monsters in sight!

Vanquished Creatures
  2 big kobolds (D:3)
  2 orc priests (D:3)
  An orc wizard (D:3)
  Jessica (D:3)
  5 adders
  3 worms
  3 dart slugs
  A leopard gecko (D:2)
  14 orcs (D:3)
  4 giant cockroaches
  9 goblins
  4 hobgoblins
  4 jackals (D:1)
  A quokka (D:2)
  2 ball pythons
  8 bats
  4 frilled lizards
  16 kobolds
  5 rats
89 creatures vanquished.

Vanquished Creatures (others)
  A fungus (D:3)
  3 plants (D:3)
4 creatures vanquished.

Grand Total: 93 creatures vanquished

Notes
Turn   | Place    | Note
-------+----------+-------------------------------------------
     0 | Abyss:1  | OdinFK the Demonspawn Abyssal Knight began the quest for
                  | the Orb.
     0 | Abyss:1  | Reached XP level 1. HP: 18/18 MP: 2/2
    19 | Abyss:1  | Found an ancient bone altar of Kikubaaqudgha.
    30 | Abyss:1  | Found a corrupted altar of Lugonu.
    42 | D:1      | Escaped the Abyss
   151 | D:1      | Gained mutation: When hurt, damage is shared between your
                  | health and your magic reserves. [demonic ancestry]
   151 | D:1      | Reached XP level 2. HP: 17/24 MP: 3/3
   788 | D:2      | Reached XP level 3. HP: 30/30 MP: 4/4
   972 | D:2      | Reached ** piety under Lugonu
  1392 | D:2      | Reached skill level 4 in Fighting
  1392 | D:2      | Reached XP level 4. HP: 26/37 MP: 5/5
  1552 | D:2      | Found a sparkling altar of Nemelex Xobeh.
  1768 | D:3      | Found a runed gate.
  1777 | D:3      | Found a runed gate.
  1777 | D:3      | Found a runed gate.
  1781 | D:3      | Noticed Sverke's ghost (amateur GrMo)
  1782 | D:3      | Noticed a big kobold
  1782 | D:3      | Noticed a big kobold
  1836 | D:3      | Found an iron altar of Okawaru.
  2010 | D:3      | Gained mutation: You are immune to rotting. [demonic
                  | ancestry]
  2010 | D:3      | Reached XP level 5. HP: 12/42 MP: 3/6
  2310 | D:3      | Noticed Jessica
  2332 | D:3      | Killed Jessica
  2459 | D:3      | Reached skill level 1 in Maces & Flails
  2492 | D:3      | Reached *** piety under Lugonu
  3089 | D:3      | Reached XP level 6. HP: 49/49 MP: 5/7
  3292 | D:3      | HP: 2/49 [poisoned by a kobold]
  3296 | D:3      | Succumbed to a kobold's poison

Skill      XL: |  1  2  3  4  5  6 |
---------------+-------------------+-----
Axes           | 2 3 |  3.3
Armour         | 2 3 |  3.7
Fighting       | 4 |  4.6
Maces & Flails | 1 2 |  2.3
Dodging        | |  0.8
Shields        | |  0.7
Invocations    | |  2.4

Action                   |  1- 3 |  4- 6 || total
-------------------------+-------+-------++-------
Melee: Hand axe          |   146 |    57 ||   203
       Whip              |       |   112 ||   112
  Use: Scroll            |     1 |       ||     1
       Potion            |       |     4 ||     4
  Eat: Chunk             |     2 |     4 ||     6
Armor: Leather armour    |     7 |       ||     7
       Ring mail         |    71 |    57 ||   128
Dodge: Dodged            |    80 |    70 ||   150
Block: Buckler           |     2 |    18 ||    20
